 Dungeon Crawl Stone Soup version 0.31-a0-728-g01b46875f1 (webtiles) character file.

Game seed: 8934693664443961844

83 Dittersdorf the Covered (level 4, -1/29 HPs)
             Began as a Gargoyle Fighter on Sept 11, 2023.
             Slain by Grinder (2 damage)
             ... on level 3 of the Dungeon.
             The game lasted 00:02:35 (1470 turns).

Dittersdorf the Covered (Gargoyle Fighter)          Turns: 1470, Time: 00:02:36

Health: -1/29      AC: 14    Str: 21    XL:     4   Next: 44%
Magic:  4/4        EV:  8    Int:  9    God:
Gold:   54         SH:  4    Dex:  9    Spells: 3/3 levels left

rFire   + . .        a - +0 flail
rCold   . . .        c - +0 buckler
rNeg    + . .        l - +0 chain mail
rPois   ∞            o - +0 helmet
rElec   +            (no cloak)
rCorr   .            (no gloves)
SInv    .            (no boots)
Will    .....        (no amulet) Stlth
                     s - ring of protection from fire
HPRegen 0.24/turn    (no ring)
MPRegen 0.09/turn

%: no passive effects
@: no status effects
A: sickness immunity, AC +3, negative energy resistance 1, electricity
resistance, torment resistance 1, petrification resistance
a: no special abilities


You were on level 3 of the Dungeon.
You visited 1 branch of the dungeon, and saw 3 of its levels.

You collected 54 gold pieces.

Inventory:

Hand Weapons
 a - a +0 flail (weapon)
Armour
 c - a +0 buckler (worn)
 f - a +0 crystal plate armour
 l - a +0 chain mail (worn)
 o - a +0 helmet (worn)
 q - a +0 plate armour
Jewellery
 s - a ring of protection from fire (left hand)
Scrolls
 b - a scroll of poison {unknown}
 e - 7 scrolls of teleportation {unknown}
 g - a scroll of torment {unknown}
 j - 2 scrolls of identify {unknown}
 m - a scroll of silence {unknown}
 n - a scroll of enchant armour {unknown}
 r - a scroll of enchant weapon {unknown}
Potions
 d - 2 potions of might
 h - a potion of curing {unknown}
 i - a potion of magic {unknown}
 p - 2 potions of brilliance {unknown}
 t - a potion of resistance {unknown}


   Skills:
 + Level 4.0 Fighting
 + Level 2.7 Maces & Flails
 + Level 4.0 Armour
 + Level 4.0 Shields


You had 3 spell levels left.
You didn't know any spells.
Your spell library contained the following spells:

 Spells                   Type           Power      Damage    Failure   Level
 Shock                    Conj/Air       0%         1d3       98%         1
 Summon Small Mammal      Summ           0%         N/A       98%         1
 Ensorcelled Hibernation  Hex/Ice        0%         N/A       99%         2
 Jinxbite                 Hex            0%         N/A       99%         2
 Static Discharge         Conj/Air       0%         2-2/arc   99%         2
 Call Canine Familiar     Summ           0%         N/A       100%        3
 Summon Guardian Golem    Hex/Summ       0%         N/A       100%        3
 Swiftness                Air            0%         N/A       100%        3
 Airstrike                Air            0%         2d(0-16)  100%        4
 Anguish                  Hex/Necr       0%         N/A       100%        4
 Summon Lightning Spire   Summ/Air       0%         N/A       100%        4


Dungeon Overview and Level Annotations

Branches:
Dungeon (3/15)

Altars:

Annotations:
D:3 Grinder


Innate Abilities, Weirdness & Mutations

You are immune to sickness and miasma.
Your stone body is resilient. (AC +3)
You are immune to poison.
You resist negative energy. (rN+)
You are resistant to electric shocks. (rElec)
You are resistant to unholy torment.
You are immune to petrification.


Message History

You throw a poisoned dart.
The poisoned dart closely misses Grinder.
You see here a poisoned dart.
k - a poisoned dart Throw: dart (poison)
Press: ? - help, Q - select action Shift-Dir - straight line, f/p - Grinder
Aim: Grinder (heavily wounded, 47% to hit)
You throw a poisoned dart.
The poisoned dart closely misses Grinder.
You barely miss Grinder.
Grinder is heavily wounded.
Grinder barely misses you.
You hit Grinder.
Grinder is severely wounded.
Grinder hits you but does no damage.
You closely miss Grinder.
Grinder is severely wounded.
Grinder gestures at you. You resist with significant effort.
You closely miss Grinder.
Grinder is severely wounded.
Grinder barely misses you. Grinder hits you.
* * * LOW HITPOINT WARNING * * *
You writhe in agony.
* * * LOW HITPOINT WARNING * * *
You barely miss Grinder.
Grinder is severely wounded.
Grinder barely misses you.
You thump Grinder!
Grinder is almost dead.
Grinder blinks!
Grinder blinks!
You barely miss Grinder.
Grinder is almost dead.
Grinder gestures at you.
You barely resist. Grinder hits you.
* * * LOW HITPOINT WARNING * * *
You writhe in agony.
You die...
Grinder says, "Now the real fun starts!"

#. #.......##
.###########.#
.........##.#
##.#..##.##.# #
#.......[##.#
#(##.#..#..##.########
##.......#.......[.....
#(.......##......######
#.###.#5@..(#...## #
#(..#.#####.## #...#.#
#.# #..§#.# #.# ##(##.#
#+# #.##.# .. ..# ###


You could see Grinder.

Vanquished Creatures
  3 adders (D:2)
  A dart slug (D:1)
  5 ball pythons
  A bat (D:2)
  5 endoplasms
  4 giant cockroaches
  4 goblins
  7 hobgoblins
  2 jackals (D:1)
  5 quokkas
  2 frilled lizards (D:2)
  6 kobolds
  4 rats
49 creatures vanquished.

Notes
Turn   | Place    | Note
-------+----------+-------------------------------------------
     0 | D:1      | Dittersdorf the Gargoyle Fighter began the quest for the
                  | Orb.
     0 | D:1      | Reached XP level 1. HP: 14/14 MP: 1/1
   130 | D:1      | Reached XP level 2. HP: 19/19 MP: 2/2
   753 | D:2      | Reached XP level 3. HP: 24/24 MP: 3/3
   795 | D:2      | Identified the +2 robe of the Other World {Int+7}
   934 | D:2      | Reached XP level 4. HP: 27/29 MP: 4/4
  1427 | D:3      | Noticed Grinder
  1436 | D:3      | Paralysed by Grinder for 4 turns
  1454 | D:3      | Paralysed by Grinder for 5 turns
  1470 | D:3      | HP: 1/29 [Grinder (3)]
  1470 | D:3      | Slain by Grinder

Illustrated notes

Levels and vault maps discovered:
D:1:      dpeg_arrival_water_temple_mockup, layout_loops_ring
D:2:      layout_loops_ring, minmay_circle_x
D:3:      layout_loops_corners, kiku_gazebo_garden_becter, uniq_grinder

Skill      XL: |  1  2  3  4 |
---------------+-------------+-----
Armour         | 4 |  4.0
Fighting       | 4 |  4.0
Shields        | 4 |  4.0
Maces & Flails | |  2.7

Action                     |  1- 3 |  4- 6 || total
---------------------------+-------+-------++-------
  Melee: Flail             |   105 |    89 ||   194
  Throw: Dart              |       |    11 ||    11
 Armour: Scale mail        |    26 |       ||    26
         Chain mail        |    65 |    62 ||   127
  Dodge: Dodged            |    51 |    38 ||    89
  Block: Buckler           |    25 |    21 ||    46

Table legend: (Time is in decaauts)
 A = Elapsed time spent in this place.
 B = Non-inter-level travel time spent in this place.
 C = Inter-level travel time spent in this place.
 D = Time resting spent in this place.
 E = Time spent auto-exploring this place.
 F = Levels seen in this place.
 G = Mean time per level.
                   A        B        C        D        E       F      G
               +--------+--------+--------+--------+--------+-----+--------+
         Total |   1530 |   1492 |     38 |      0 |   1048 |   3 |  510.0 |
       Dungeon |   1530 |   1492 |     38 |      0 |   1048 |   3 |  510.0 |
               +--------+--------+--------+--------+--------+-----+--------+

Top non-repeatable levels by time:
     D:1: 765 daAuts
     D:2: 680 daAuts
     D:3: 84 daAuts
